 Dungeon Crawl Stone Soup version 0.17-a0-119-g2b06fc5 (webtiles) character file.

347 Ngotmuk the Covert (level 6, -4/41 HPs)
             Began as an Octopode Assassin on Mar 21, 2015.
             Slain by a wight
             ... wielding a +0 hand axe
              (7 damage)
             ... on level 4 of the Dungeon.
             The game lasted 00:08:31 (3175 turns).

Ngotmuk the Covert (Octopode Assassin)              Turns: 3175, Time: 00:08:31

Health: -4/41      AC:  1    Str: 10    XL:     6   Next: 59%
Magic:  6/6        EV: 13    Int: 13    God:
Gold:   274        SH:  0    Dex: 16    Spells: 0 memorised, 5 levels left

rFire  + . .     SeeInvis .     a - +3 short sword
rCold  x . .     Clarity  .     (no shield)
rNeg   . . .     SustAb   .     (helmet restricted)
rPois  .         Gourm    .     (no amulet)
rElec  .         Spirit   .     o - ring of fire
rCorr  .         Warding  .     (no ring)
rMut   .         Stasis   .     (no ring)
MR     .....                    (no ring)
Stlth  ++++++....               (no ring)
                                (no ring)
                                (no ring)
                                (no ring)

@: drained, not resistant to hostile enchantments, very stealthy
A: almost no armour, amphibious, 8 rings, constrict 8, camouflage 1, gelatinous
body 1
a: no special abilities


You were on level 4 of the Dungeon.
You were hungry.

You visited 1 branch of the dungeon, and saw 4 of its levels.

You collected 274 gold pieces.

Inventory:

Hand weapons
 a - a +3 short sword (weapon)
Jewellery
 o - a ring of fire (left tentacle)
Scrolls
 d - 3 scrolls of magic mapping
 j - a scroll of teleportation
 l - 5 scrolls of identify {unknown}
 n - 2 scrolls of amnesia {unknown}
 r - 2 scrolls of random uselessness {unknown}
 s - 3 scrolls of enchant armour {unknown}
 t - a scroll of enchant weapon {unknown}
Potions
 c - a potion of curing {unknown}
 m - 4 potions of agility {unknown}
 p - a potion of invisibility {unknown}
 q - a potion of heal wounds {unknown}
Comestibles
 g - 4 bread rations
 h - a royal jelly
 i - a beef jerky
 k - 2 slices of pizza
 u - 3 meat rations


   Skills:
 + Level 2.5(2.4) Fighting
 + Level 2.6(2.5) Short Blades
 - Level 2.0(1.8) Throwing
 + Level 2.9(2.8) Dodging
 + Level 9.2(9.0) Stealth


You had 5 spell levels left.
You didn't know any spells.

Dungeon Overview and Level Annotations

Branches:
Dungeon (4/15)
 Temple: D:4-7

Altars:
Dithmenos
Gozag
Makhleb
Qazlal
Ru
Zin


Innate Abilities, Weirdness & Mutations

You cannot wear most types of armour.
You are amphibious.
You can wear up to eight rings at the same time.
You can use your tentacles to constrict many enemies at once.
Your skin changes colour to match your surroundings (Stealth).
Your rubbery body absorbs attacks (AC +1).


Message History

The wight is severely damaged.
The wight misses you.
You hit the wight!
You destroy the wight!
You barely miss the wight. Your grab misses the wight.
The wight barely misses you.
You barely miss the wight. You grab the wight.
You constrict the wight, but do no damage.
You feel sick.
You are no longer poisoned.
The wight hits you with a hand axe!
* * * LOW HITPOINT WARNING * * *
You hit the wight.
The wight is lightly damaged.
You constrict the wight. You hit the wight. You squeeze the wight.
The wight is severely damaged.
You constrict the wight, but do no damage.
The wight hits you with a hand axe!
You die...

###### #.....*##############
.....# #.##..*#.............
.....# ##)##.#*##.....#######
.....# #..##.########....#
.....#######.###......# ####.###
......................# #...##
.....#####..####......## ###..#
.....####..## #.#.....## ##..
.....##...## #@##.##..#########
....###.### #z#..###..........
..).>...# #....# ###########
....############.##.# ##
....................############.
##.############..##..............
#.# #...##.############. #.#
#.#.##.# ########... #.#
#.#.##.###.....<.>..


You could see a wight.

Vanquished Creatures
  2 wights (D:4)
  A hound (D:4)
  A giant frog skeleton (D:4)
  2 worker ants (D:4)
  8 adders
  A worm (D:4)
  3 giant geckos
  3 oozes
  An orc (D:3)
  12 bats
  3 giant cockroaches
  10 goblins
  9 hobgoblins
  10 jackals
  A giant gecko skeleton (D:4)
  5 giant newts
  13 kobolds
  A quokka skeleton (D:4)
  9 rats
95 creatures vanquished.

Notes
Turn   | Place    | Note
--------------------------------------------------------------
     0 | D:1      | Ngotmuk, the Octopode Assassin, began the quest for the Orb.
     0 | D:1      | Reached XP level 1. HP: 14/14 MP: 1/1
    67 | D:1      | Reached XP level 2. HP: 17/19 MP: 2/2
    78 | D:1      | Reached skill level 6 in Stealth
   353 | D:1      | Reached XP level 3. HP: 24/24 MP: 3/3
   768 | D:1      | Reached skill level 7 in Stealth
  1291 | D:2      | Reached XP level 4. HP: 29/29 MP: 4/4
  1382 | D:2      | Found a stormy altar of Qazlal.
  2055 | D:3      | Found a shadowy altar of Dithmenos.
  2191 | D:3      | Found a burning altar of Makhleb.
  2386 | D:3      | Reached skill level 8 in Stealth
  2510 | D:3      | Reached XP level 5. HP: 19/34 MP: 5/5
  2602 | D:3      | Found an opulent altar of Gozag.
  2957 | D:4      | Reached XP level 6. HP: 25/40 MP: 6/6
  3021 | D:4      | Found a glowing silver altar of Zin.
  3022 | D:4      | Found a sacrificial altar of Ru.
  3146 | D:4      | Reached skill level 9 in Stealth
  3173 | D:4      | HP: 2/41 [wight/hand axe (8)]
  3175 | D:4      | Slain by a wight

Action                   |  1- 3 |  4- 6 || total
-------------------------+-------+-------++-------
Melee: Dagger            |    54 |    99 ||   153
       Short sword       |       |    16 ||    16
  Use: Scroll            |       |     5 ||     5
 Stab: Sleeping          |    19 |    15 ||    34
       Distracted        |     1 |       ||     1
  Eat: Beef jerky        |     1 |       ||     1
       Meat ration       |       |     1 ||     1
